AoeStats
← きしツ

Arena

508039548Analyzed
3v3 RM · 11d ago on Sep 20, 2026· 46m 15s· 6 players
Game mode
Random Map
Map size
Normal (6 player)
Population
200
Speed
Normal
Resources
Standard
Victory
Conquest
Starting age
Dark Age
Ending age
Imperial Age
RankedLock teamsTeams togetherTeam positionsShared explorationLock speedFull tech treeHidden civsTurbo modeCheats
Victory
Defeat
🇲🇽 Poles · Mexico
1107
+16
🇸🇪 Muisca · Sweden
1101
+17
🇵🇱 Romans · Poland
1062
+18
🇨🇱 Burmese · Chile
1152
-19
🇦🇹 Byzantines · Austria
1095
-16
🇦🇹 Burgundians · Austria
1095
-16
Superpajarraco
7:20 Loom
10:37 Feudal Age
15:01 Castle Age
13:29 Double-Bit Axe
13:31 Horse Collar
18:04 Bow Saw
19:37 Fletching
23:57 Forging
25:28 Scale Mail Armor
26:28 Bodkin Arrow
27:55 Arson
28:36 Town Watch
31:58 Wheelbarrow
41:53 Imperial Age
43:58 Imperial Age
42:06 Gold Mining
42:21 Heavy Plow
43:54 Bloodlines
43:45 Husbandry
43:06 Light Cavalry
45:23 Iron Casting
44:54 Scale Barding Armor
45:15 Winged Hussar
loczekk_95
4:03 Loom
9:51 Feudal Age
11:49 Wheelbarrow
11:03 Double-Bit Axe
11:12 Gold Mining
11:07 Horse Collar
12:15 Man-at-Arms
20:37 Castle Age
19:24 Scale Mail Armor
19:47 Forging
20:18 Stone Mining
20:21 Fletching
20:58 Padded Archer Armor
21:40 Hand Cart
20:52 Long Swordsman
21:59 Bow Saw
22:43 Heavy Plow
24:36 Gold Shaft Mining
25:35 Chain Mail Armor
32:33 Imperial Age
30:24 Squires
31:06 Iron Casting
30:58 Ballistas
31:43 Ballistics
31:27 Pikeman
34:30 Chemistry
33:52 Capped Ram
34:17 Halberdier
35:16 Legionary
37:05 Conscription
37:45 Heavy Scorpion
39:37 Crop Rotation
40:10 Blast Furnace
40:21 Bodkin Arrow
40:41 Leather Archer Armor
41:03 Siege Ram
46:11 Comitatenses
Squeeze
2:46 Loom
10:57 Feudal Age
12:11 Double-Bit Axe
13:32 Horse Collar
18:39 Castle Age
17:33 Town Watch
18:55 Crossbowman
20:31 Wheelbarrow
21:47 Bow Saw
21:51 Heavy Plow
22:35 Pikeman
27:05 Hand Cart
27:19 Gold Mining
27:39 Fletching
28:29 Bodkin Arrow
29:56 Forging
34:21 Imperial Age
32:43 Town Patrol
32:45 Squires
33:24 Thumb Ring
33:13 Stone Mining
35:18 Iron Casting
35:43 Conscription
36:08 Scale Mail Armor
36:09 Bracer
39:13 Arbalester
41:10 Chain Mail Armor
43:54 Crop Rotation
43:32 Elite Temple Guard
46:48 Two-Man Saw
46:29 Gold Shaft Mining
46:30 Stone Shaft Mining
きしツ
10:05 Feudal Age
10:26 Feudal Age
11:34 Feudal Age
15:35 Castle Age
13:29 Loom
23:42 Town Watch
24:39 Fletching
28:39 Wheelbarrow
31:36 Imperial Age
35:34 Hand Cart
35:20 Town Patrol
35:31 Bodkin Arrow
36:40 Chemistry
36:08 Ballistics
41:20 Bracer
43:25 Conscription
joker
9:41 Double-Bit Axe
9:40 Horse Collar
11:48 Feudal Age
13:36 Loom
16:15 Castle Age
15:21 Heavy Plow
15:47 Bow Saw
18:48 Two-Man Saw
22:41 Wheelbarrow
24:21 Gold Mining
25:31 Hand Cart
29:35 Imperial Age
27:26 Town Watch
28:39 Stone Mining
28:57 Husbandry
29:03 Cavalier
30:15 Forging
31:10 Scale Barding Armor
31:40 Iron Casting
30:29 Paladin
32:36 Chemistry
31:57 Ballistics
33:08 Chain Barding Armor
32:22 Capped Ram
36:30 Bombard Tower
36:49 Pikeman
37:30 Squires
38:14 Light Cavalry
39:35 Plate Barding Armor
40:07 Halberdier
40:58 Hussar
NaN
11:10 Feudal Age
15:09 Castle Age
13:38 Double-Bit Axe
15:28 Scale Barding Armor
17:13 Bow Saw
24:50 Chain Barding Armor
25:44 Wheelbarrow
28:29 Husbandry
28:41 Forging
28:07 Pikeman
28:49 Squires
31:28 Imperial Age
30:22 Iron Casting
29:49 Scale Mail Armor
30:26 Gold Mining
30:28 Stone Mining
30:30 Gold Mining
30:58 Hand Cart
30:29 Horse Collar
33:42 Plate Barding Armor
32:50 Onager
34:41 Chemistry
34:33 Fletching
36:21 Ballistics
36:00 Bodkin Arrow
38:32 Murder Holes
Connection lost

Rejoining the realm…

Still unreachable

The connection could not be restored.

Session expired

The server has moved on; the page needs a fresh start.